cohdb
Replays
Latest Replays
All Replays
Popular Replays
Top Player Replays
Match Explorer
How It Works
Community
CoH3 Stats
Reddit
Sign in to upload your games and track your stats! →
Sign in with Steam
Match 45255225
Unlisted
Match 45255225
Overview
Messages
Build Orders
End
Royal Engineer Section
Vickers Machine Gun Team
Selects Air and Sea Battlegroup
Vickers Machine Gun Team
Royal Engineer Section
Construct Section Command Post
Construct Field Infirmary
Construct Platoon Command Post
Selects Commando Section Paradrop
Selects Commando Support Section Paradrop
Commando Support Section Paradrop
Commando Section Paradrop
Unlock M3 Stuart Light Tanks
Seiun Sky
kennyk9
0
0
Comments
sign in to comment!
No comments posted yet!